 Dungeon Crawl Stone Soup version bcrawl-1.28.5 (webtiles) character file.

Game seed: 9765482715707123609

121100 Mehrunes the Firebug (level 3, 0/26 HPs)
             Began as a Demigod Fire Elementalist on Jan 23, 2021.
             Slain by a worm (8 damage)
             ... on level 1 of the Dungeon.
             The game lasted 00:02:55 (998 turns).

Mehrunes the Firebug (Demigod Fire Elementalist)     Turns: 998, Time: 00:02:56

Health: 0/26       AC:  3    Str: 12    XL:     3   Next: 19%
Magic:  0/8        EV: 12    Int: 21    God:    Demigod [*.....]
Gold:   43         SH:  0    Dex: 17    Spells: 4/5 levels left

rFire    . . .     SeeInvis .     - Fists (3.2)
rCold    . . .     Gourm    .   (no shield)
rNeg     . . .     Faith    .   a - +0 robe
rPois    .         Spirit   .   (no helmet)
rElec    .         Reflect  .   (no cloak)
rCorr    .         Harm     .   g - +0 pair of gloves
MR       .....                  (no boots)
Stlth    ++........             (no amulet)
HPRegen  0.08/turn              (no ring)
MPRegen  0.11/turn              (no ring)

@: no status effects
A: high mp 1
a: Temporal Distortion


You were on level 1 of the Dungeon.
You worshipped Demigod.
Demigod was aware of your devotion.
You were hungry.

You visited 1 branch of the dungeon, and saw 2 of its levels.

You collected 43 gold pieces.

Inventory:

Missiles
 c - 40 stones (quivered)
Armour
 a - a +0 robe (worn)
 g - a +0 pair of gloves (worn)
Scrolls
 d - a scroll of amnesia {unknown}
 f - a scroll of blinking {unknown}
 h - 2 scrolls of enchant weapon {unknown}
 i - a scroll of noise {unknown}
 k - a scroll of magic mapping {unknown}
Comestibles
 e - a ration {!d}


   Skills:
 - Level 1.7 Dodging
 - Level 2.0 Stealth
 - Level 1.7 Spellcasting
 + Level 2.1 Conjurations
 + Level 3.3 Fire Magic


You had 4 spell levels left.
You knew the following spells:

 Your Spells              Type           Power        Failure   Level  Hunger
a - Flame Tongue          Conj/Fire      ##...        4%          1    None

Your spell library contained the following spells:

 Spells                   Type           Power        Failure   Level  Hunger
 Flaming Arrows           Chrm/Fire      #.......     12%         2    ###....
 Conjure Flame            Conj/Fire      ##......     14%         3    ####...
 Inner Flame              Hex/Fire       N/A          22%         3    ####...
 Sticky Flame             Conj/Fire      ##......     43%         4    ######.
 Fireball                 Conj/Fire      ##........   80%         5    #######


Dungeon Overview and Level Annotations

Branches:
Dungeon (2/12)


Innate Abilities, Weirdness & Mutations

You have an increased reservoir of magic. (+10% MP)


Message History

Aim: a worm (heavily wounded)
The flame tongue hits the worm.
The worm is almost dead.
The worm bites you.
Casting: Flame Tongue (safe; 4% risk of failure)
Confirm with . or Enter, or press ? or * to list all spells.
You don't have enough magic to cast that spell.
Casting: Flame Tongue (safe; 4% risk of failure)
Confirm with . or Enter, or press ? or * to list all spells.
You don't have enough magic to cast that spell.
You barely miss the worm.
The worm is almost dead.
You barely miss the worm.
The worm is almost dead.
The worm bites you.
You hit the worm but do no damage.
The worm is severely wounded.
The worm bites you!
You die...
Your divinity fades.

#.#####........ #.#
#.#.##### ## #.#
#.### .# #.# ##.## .#
#######.####...##
.######
#.....w.........#
......##
#.#####.####....#
.......######.#####.#
##.#.# #
........(......w@...#
#.#.# #
.###....####........#
#.#.##### .#
##.#.#############
#w#.#.... .####.#...#
#.#.#.### ...)#.###.#
#.#.#.# # ###.#.# #.#
#.#รท#.# # ##.#.# #.#
##>#.#.### ##....#
#.# #.........
......# #.#
########.#....#.#


You could see a worm.

Vanquished Creatures
  A worm (D:1)
  A leopard gecko (D:1)
  2 ball pythons (D:1)
  4 giant cockroaches (D:1)
  A hobgoblin (D:2)
  2 jackals (D:1)
  A quokka (D:1)
  4 bats (D:1)
  3 frilled lizards (D:1)
  5 goblins (D:1)
  3 kobolds (D:1)
  4 rats (D:1)
31 creatures vanquished.

Notes
Turn   | Place    | Note
-------+----------+-------------------------------------------
     0 | D:1      | Mehrunes the Demigod Fire Elementalist began the quest for
                  | the Orb.
     0 | D:1      | Reached XP level 1. HP: 14/14 MP: 5/5
    27 | D:1      | Reached skill level 1 in Conjurations
   158 | D:1      | Reached skill level 3 in Fire Magic
   219 | D:1      | Reached XP level 2. HP: 20/20 MP: 1/7
   486 | D:1      | Found a sparkling altar of Nemelex Xobeh.
   633 | D:1      | Reached XP level 3. HP: 26/26 MP: 6/8
   638 | D:1      | Reached * piety under Demigod
   998 | D:1      | Slain by a worm

Skill      XL: |  1  2 |
---------------+-------+-----
Conjurations   | 1 2 |  2.1
Fire Magic     | 3 |  3.3
Dodging        | |  1.7
Stealth        | |  2.0
Spellcasting   | |  1.7

Action                   || total
-------------------------++-------
Melee: Unarmed           ||     7
 Cast: Flame Tongue      ||    71
  Use: Scroll            ||     1
  Eat: Chunk             ||     1
Armor: Robe              ||     7
Dodge: Dodged            ||    18
